 Dungeon Crawl Stone Soup version 0.29.1-2-gbd0b4ee654 (webtiles) character file.

Game seed: 13507707380894455154

53 lokiplouj the Conjurer (level 3, -10/16 HPs)
             Began as a Spriggan Conjurer on Nov 9, 2022.
             Was a Follower of Uskayaw.
             Killed from afar by Terence (14 damage)
             ... with a bolt of light
             ... on level 3 of the Dungeon.
             The game lasted 00:05:57 (2852 turns).

lokiplouj the Conjurer (Spriggan Conjurer)          Turns: 2852, Time: 00:05:58

Health: -10/16     AC:  3    Str:  3    XL:     3   Next: 64%
Magic:  3/9        EV: 17    Int: 19    God:    Uskayaw [*.....]
Gold:   131        SH:  0    Dex: 15    Spells: 6/9 levels left

rFire   . . .      SeeInvis +   (weapon restricted)
rCold   . . .      Faith    .   (no shield)
rNeg    . . .      Spirit   .   a - +1 robe
rPois   .          Reflect  .   (helmet restricted)
rElec   .          Harm     .   (no cloak)
rCorr   .          Rampage  .   (gloves unavailable)
Will    .....                   (boots unavailable)
Stlth   ++........              (no amulet)
HPRegen 0.05/turn               (no ring)
MPRegen 0.11/turn               (no ring)

@: very quick
A: very small, no large weapons, unfitting armour, see invisible, speed 3
a: Renounce Religion, Stomp


You were on level 3 of the Dungeon.
You worshipped Uskayaw.
Uskayaw was noncommittal.
You visited 1 branch of the dungeon, and saw 3 of its levels.

You collected 131 gold pieces.

Inventory:

Armour
 a - a +1 robe (worn)
Scrolls
 f - 2 scrolls of magic mapping
 h - a scroll of enchant armour
 i - a scroll of identify
 j - a scroll of butterflies
Potions
 b - a potion of magic
 d - 2 potions of curing


   Skills:
 + Level 3.1 Dodging
 + Level 3.0 Stealth
 + Level 3.6 Spellcasting
 + Level 3.6 Conjurations


You had 6 spell levels left.
You knew the following spells:

 Your Spells              Type           Power      Damage    Failure   Level
a - Magic Dart            Conj           68%        1d6       3%          1
b - Searing Ray           Conj           34%        2d5       4%          2

Your spell library contained the following spells:

 Spells                   Type           Power      Damage    Failure   Level
 Dazzling Flash           Conj/Hex       20%        N/A       21%         3
 Mephitic Cloud           Conj/Pois/Air  8%         N/A       26%         3
 Gell's Gravitas          Tloc           3%         N/A       41%         3
 Ignite Poison            Fire/Tmut/Pois 3%         N/A       41%         3
 Lesser Beckoning         Tloc           3%         N/A       41%         3
 Teleport Other           Tloc           3%         N/A       41%         3
 Fulminant Prism          Conj/Hex       5%         3d7       56%         4
 Iskenderun's Mystic Bla  Conj/Tloc      10%        2d4       56%         4
 Freezing Cloud           Conj/Ice/Air   4%         6-21      94%         5


Dungeon Overview and Level Annotations

Branches:
Dungeon (3/15)

Altars:
Uskayaw

Annotations:
D:3 Terence


Innate Abilities, Weirdness & Mutations

You are very small and have problems with some larger weapons.
You are too small for most types of armour.
You have supernaturally acute eyesight. (SInv)
You cover ground extremely quickly. (Speed+++)


Message History

There is a stone staircase leading down here.
You climb downwards.
Level annotation: Terence
There is a stone staircase leading up here.
Casting: Magic Dart (safe; 3% risk of failure)
Confirm with . or Enter, or press ? or * to list all spells.
Okay, then.
Aiming: Searing Ray (safe; 4% risk of failure)
Press: ? - help, Q - select action, (/) - cycle Shift-Dir - straight line, f - Terence
Aim: Terence, wielding a +0 hand axe, wearing a +0 chain mail and carrying a wand of light (1) (84% to hit)
The searing ray hits Terence.
Terence is lightly wounded. (Press . to maintain the ray.)
The searing ray hits Terence.
Terence is lightly wounded.
The rat misses you. Terence misses you.
Unknown command.
The searing ray hits Terence but does no damage.
Terence is lightly wounded.
The rat bites you. Terence misses you.
The searing ray misses Terence.
You finish channelling your searing ray.
The rat misses you. Terence closely misses you.
Terence hits you with a +0 hand axe. The rat closely misses you.
The rat completely misses you. Terence hits you but does no damage.
The rat misses you. Terence barely misses you.
Unknown command.
Casting: Searing Ray (safe; 4% risk of failure)
Confirm with . or Enter, or press ? or * to list all spells.
Aiming: Searing Ray (safe; 4% risk of failure)
Press: ? - help, Shift-Dir - straight line, f/p - Terence
Aim: Terence, wielding a +0 hand axe, wearing a +0 chain mail and carrying a wand of light (1) (lightly wounded, 84% to hit)
The searing ray hits Terence.
Terence is moderately wounded. (Press . to maintain the ray.)
The rat barely misses you. Terence hits you with a +0 hand axe!
* * * LOW HITPOINT WARNING * * *
Terence zaps a wand.
The bolt of light hits you!
Ouch! That really hurt!
You die...

## ###. #####
####...##..@##
.....⌠....⌠r@#
##.#...##...##
#..... #####
######


You could see Terence and a rat.

Vanquished Creatures
  An adder (D:3)
  A dart slug (D:2)
  2 ball pythons
  4 bats
  2 endoplasms (D:1)
  6 goblins
  3 hobgoblins (D:1)
  6 jackals
  A quokka (D:1)
  A frilled lizard (D:2)
  2 kobolds (D:1)
  6 rats
35 creatures vanquished.

Vanquished Creatures (collateral kills)
  A worm (D:2)
1 creature vanquished.

Grand Total: 36 creatures vanquished

Notes
Turn   | Place    | Note
-------+----------+-------------------------------------------
     0 | D:1      | lokiplouj the Spriggan Conjurer began the quest for the
                  | Orb.
     0 | D:1      | Reached XP level 1. HP: 9/9 MP: 5/5
   486 | D:1      | Reached XP level 2. HP: 13/13 MP: 3/6
  1648 | D:2      | Reached XP level 3. HP: 16/16 MP: 6/8
  1678 | D:2      | Found a faded altar of an unknown god.
  1761 | D:2      | Prayed at the altar of an unknown god.
  1761 | D:2      | Became a worshipper of Uskayaw the Reveller
  1761 | D:2      | Reached * piety under Uskayaw
  2451 | D:3      | Reached ** piety under Uskayaw
  2630 | D:3      | Noticed Terence
  2837 | D:2      | Learned a level 2 spell: Searing Ray
  2852 | D:3      | Killed from afar by Terence

Illustrated notes

Levels and vault maps discovered:
D:1:      lightli_arrival_lavapool, layout_basic, minmay_misc_feat_pillars,
          chequers_serial_rivers_micro_e
D:2:      layout_loops_ring, chequers_ecumenical_altar_simple
D:3:      layout_loops_ring, grunt_ministairs_4, uniq_crazy_yiuf_cottage,
          uniq_natasha, uniq_sigmund, uniq_robin, uniq_terence

Skill      XL: |  1  2  3 |
---------------+----------+-----
Conjurations   | 3 |  3.6
Spellcasting   | 3 |  3.6
Dodging        | 3 |  3.1
Stealth        | |  3.0

Action                   || total
-------------------------++-------
Melee: Unarmed           ||     8
 Cast: Magic Dart        ||    82
       Searing Ray       ||     2
  Use: Scroll            ||     8
Armor: Robe              ||     5
Dodge: Dodged            ||    53
